 Dungeon Crawl Stone Soup version 0.20.1-1-g8b1a95d (webtiles) character file.

134 manon the Chopper (level 5, -3/47 HPs)
             Began as a Hill Orc Fighter on Oct 13, 2017.
             Killed by nerve-wracking pain
             ... invoked by Grinder
              (14 damage)
             ... on level 3 of the Dungeon.
             The game lasted 00:11:25 (1723 turns).

manon the Chopper (Hill Orc Fighter)                Turns: 1723, Time: 00:11:25

Health: -3/47      AC: 13    Str: 24    XL:     5   Next: 17%
Magic:  5/5        EV:  9    Int:  9    God:
Gold:   75         SH: 10    Dex: 15    Spells: 4/4 levels left

rFire    . . .     SeeInvis .   a - +0 war axe
rCold    . . .     Gourm    .   c - +0 shield
rNeg     . . .     Faith    .   A - +0 plate armour
rPois    .         Spirit   .   (no helmet)
rElec    .         Reflect  .   (no cloak)
rCorr    .         Harm     .   j - +0 pair of gloves
MR       .....                  s - +0 pair of boots
Stlth    ..........             (no amulet)
Regen    0.2/turn               (no ring)
MPRegen  0.1/turn               (no ring)

@: mighty, agile
A: no striking features
a: no special abilities


You were on level 3 of the Dungeon.
You were hungry.

You visited 1 branch of the dungeon, and saw 3 of its levels.

You collected 75 gold pieces.

Inventory:

Hand Weapons
 a - a +0 war axe (weapon)
 b - a +0 hunting sling
 k - a +0 mace
Missiles
 q - 15 bolts
 w - 20 arrows
 y - 15 stones (quivered)
Armour
 c - a +0 shield (worn)
 g - a +0 buckler
 j - a +0 pair of gloves (worn)
 s - a +0 pair of boots (worn)
 x - a +0 scale mail
 A - a +0 plate armour (worn)
Jewellery
 m - an uncursed ring of stealth {unknown}
 n - a +3 amulet of reflection {unknown}
Scrolls
 e - a scroll of noise {unknown}
 h - a scroll of magic mapping {unknown}
 l - a scroll of teleportation {unknown}
 o - a scroll of remove curse {unknown}
 p - a scroll of blinking {unknown}
 r - a scroll of enchant armour {unknown}
 t - a scroll of amnesia {unknown}
 u - 3 scrolls of identify {unknown}
 z - a scroll of random uselessness {unknown}
Potions
 v - a potion of invisibility {unknown}
 B - 2 potions of agility
Comestibles
 f - a bread ration
 i - a meat ration


   Skills:
 + Level 4.8 Fighting
 * Level 5.9 Axes
 - Level 3.2 Armour
 - Level 3.2 Shields


You had 4 spell levels left.
You didn't know any spells.

Dungeon Overview and Level Annotations

Branches:
Dungeon (3/15)

Altars:

Annotations:
D:2 Sigmund
D:3 Grinder


Message History

Grinder blinks!
You block the goblin's attack.
Grinder blinks!
The goblin barely misses you.
Grinder blinks!
Your plate armour prevents you from hitting the goblin.
The goblin hits you but does no damage. Grinder gestures at you.
You barely resist.
Unknown command.
You block the goblin's attack. Grinder gestures at you.
Pain shoots through your body!
* * * LOW HITPOINT WARNING * * *
The goblin barely misses you. Grinder gestures at you.
You resist with significant effort.
You slice Grinder!!
Grinder is severely wounded.
You block the goblin's attack. Grinder gestures at you.
Pain shoots through your body!
You die...

#.....#####.....)..##.#
#.#..#.# #.#.###
##.......##.# #.#..#.# # #†#
#####..........# #.#..#.# #.#
#.............## #.#..#.. #.#
#.#####...##...####....###
#.# #............#......#..#
#.####..####..>##...####.#..#
#.#.##..####..5###.## #.#..#
#.............@###.### #.#..#
#..................... ......
##...#........g###.###
#.....# ##.##.####..........
......# #.##..............#
### ..###############.# ####
.


You could see Grinder and a goblin.

Vanquished Creatures
  Jessica (D:2)
  Robin (D:2)
  3 gnolls (D:2)
  2 worms
  3 ball pythons (D:3)
  4 giant cockroaches
  15 goblins
  8 hobgoblins
  2 jackals (D:3)
  4 kobolds
  7 bats
  2 frilled lizards
  9 rats
61 creatures vanquished.

Vanquished Creatures (others)
  5 toadstools (D:1)
5 creatures vanquished.

Grand Total: 66 creatures vanquished

Notes
Turn   | Place    | Note
-------+----------+-------------------------------------------
     0 | D:1      | manon the Hill Orc Fighter began the quest for the Orb.
     0 | D:1      | Reached XP level 1. HP: 19/19 MP: 1/1
    23 | D:1      | Reached skill level 3 in Axes
    58 | D:1      | Reached XP level 2. HP: 20/27 MP: 2/2
   338 | D:1      | Reached skill level 4 in Axes
   338 | D:1      | Reached XP level 3. HP: 33/33 MP: 3/3
   462 | D:2      | Noticed Sigmund
   464 | D:2      | Noticed Robin
   573 | D:2      | Noticed Jessica
   586 | D:2      | Killed Jessica
   586 | D:2      | Reached XP level 4. HP: 35/41 MP: 4/4
   707 | D:2      | Reached skill level 5 in Axes
   936 | D:2      | Killed Robin
   936 | D:2      | Reached XP level 5. HP: 10/47 MP: 5/5
  1690 | D:3      | Noticed Grinder
  1694 | D:3      | Paralysed by Grinder for 5 turns
  1723 | D:3      | Killed from afar by Grinder

Skill      XL: |  1  2  3  4 |
---------------+-------------+-----
Axes           | 3 4 5 |  5.9
Fighting       | 4 |  4.8
Armour         | |  3.2
Shields        | |  3.2

Action                   |  1- 3 |  4- 6 || total
-------------------------+-------+-------++-------
Melee: War axe           |    84 |    96 ||   180
 Fire: Hunting sling     |       |     8 ||     8
  Use: Potion            |       |     4 ||     4
  Eat: Chunk             |       |     2 ||     2
Armor: Scale mail        |    42 |    31 ||    73
       Plate armour      |       |    21 ||    21
Dodge: Dodged            |    27 |    34 ||    61
Block: Shield            |    39 |    57 ||    96
